 Dungeon Crawl Stone Soup version 0.31-a0-702-gf82c85558f (webtiles) character file.

Game seed: 1358959396490888409

155 pokeman the Magician (level 5, -2/29 HPs)
             Began as a Deep Elf Hedge Wizard on Sept 8, 2023.
             Slain by a river rat (6 damage)
             ... in a sewer.
             The game lasted 00:06:36 (3086 turns).

pokeman the Magician (Deep Elf Hedge Wizard)        Turns: 3086, Time: 00:06:38

Health: -2/29      AC:  2    Str:  7    XL:     5   Next: 14%
Magic:  5/15       EV: 13    Int: 21    God:
Gold:   111        SH:  0    Dex: 14    Spells: 5/16 levels left

rFire   . . .        u - +1 flail (protect)
rCold   . . .        (no shield)
rNeg    . . .        b - +0 robe
rPois   .            c - +0 hat
rElec   .            (no cloak)
rCorr   .            (no gloves)
SInv    .            (no boots)
Will    .....        (no amulet)
Stlth   +            (no ring)
HPRegen 0.24/turn    (no ring)
MPRegen 0.14/turn

%: no passive effects
@: confused, very slightly contaminated
A: no striking features
a: no special abilities


You were in a sewer.
You visited 1 branch of the dungeon, and saw 3 of its levels.
You also visited: Sewer.

You collected 111 gold pieces.

Inventory:

Hand Weapons
 u - a +1 flail of protection (weapon)
Armour
 b - a +0 robe (worn)
 c - a +0 hat (worn)
 n - a +0 buckler
Wands
 r - a wand of flame (8)
 t - a wand of polymorph (9)
Scrolls
 e - a scroll of revelation {unknown}
 h - 3 scrolls of identify {unknown}
 j - 4 scrolls of teleportation {unknown}
 k - a scroll of fog {unknown}
 l - 3 scrolls of butterflies {unknown}
 p - 2 scrolls of vulnerability {unknown}
 q - a scroll of torment {unknown}
Potions
 a - 4 potions of enlightenment
 d - a potion of magic
 f - a potion of lignification {unknown}
 g - a potion of berserk rage {unknown}
 i - 3 potions of attraction {unknown}
 m - a potion of brilliance {unknown}
 o - 3 potions of might {unknown}
 s - a potion of haste {unknown}


   Skills:
 - Level 1.0 Fighting
 - Level 1.0 Armour
 - Level 3.0 Dodging
 + Level 2.4 Stealth
 + Level 0.9 Shields
 * Level 6.0 Spellcasting
 + Level 2.6 Conjurations
 - Level 1.1 Summonings
 - Level 1.1 Translocations


You had 5 spell levels left.
You knew the following spells:

 Your Spells              Type           Power      Damage    Failure   Level
a - Magic Dart            Conj           68%        1d6       3%          1
b - Mephitic Cloud        Conj/Pois/Air  10%        N/A       21%         3
c - Call Imp              Summ           22%        N/A       10%         2
d - Blink                 Tloc           22%        N/A       10%         2
e - Stone Arrow           Conj/Erth      24%        3d8       17%         3

Your spell library contained the following spells:

 Spells                   Type           Power      Damage    Failure   Level
 Slow                     Hex            24%        N/A       10%         1
 Cigotuvi's Dreadful Rot  Necr/Pois/Air  12%        N/A       14%         2
 Animate Armour           Summ/Erth      16%        N/A       61%         4
 Lehudib's Crystal Spear  Conj/Erth      6%         10d3      100%        8


Dungeon Overview and Level Annotations

Branches:
Dungeon (3/15)              Sewer (1/1)

Altars:
Nemelex Xobeh
Qazlal
Zin

Shops:
D:3 =

Annotations:
D:3 Gold behind grate


Message History

The river rat attacks as it pursues you!
The river rat bites you.
You enter the shallow water.
Moving in this stuff is going to be slow.
The river rat attacks as it pursues you!
The river rat bites you but does no damage.
Casting: Magic Dart (safe; 3% risk of failure)
Confirm with . or Enter, or press ? or * to list all spells.
Okay, then.
Casting: Mephitic Cloud (quite dangerous; 21% risk of failure)
Confirm with . or Enter, or press ? or * to list all spells.
Aiming: Mephitic Cloud (quite dangerous; 21% risk of failure)
Press: ? - help, Shift-Dir - straight line, f/p - river rat
Aim: a river rat (moderately wounded, chance to affect: 91%)
You miscast Mephitic Cloud.
You are very lightly contaminated with residual magic.
There is a short, sharp shower of sparks!
The river rat barely misses you. The river rat bites you!
* * * LOW HITPOINT WARNING * * *
Unknown command.
Unknown command.
Casting: Mephitic Cloud (quite dangerous; 21% risk of failure)
Confirm with . or Enter, or press ? or * to list all spells.
Aiming: Mephitic Cloud (quite dangerous; 21% risk of failure)
Press: ? - help, Shift-Dir - straight line, f - river rat, p - river rat
Aim: a river rat (chance to affect: 91%)
The ball explodes into a vile cloud!
The stinking cloud engulfs the river rat but does no damage. x2
The stinking cloud engulfs you but does no damage.
The stinking cloud engulfs the river rat but does no damage.
The river rat is moderately wounded.
You are engulfed in noxious fumes.
You choke on the stench!
You are confused.
The river rat is engulfed in noxious fumes.
The river rat appears confused.
The river rat is engulfed in noxious fumes.
The river rat appears confused.
The river rat is engulfed in noxious fumes.
The river rat appears confused.
The river rat bites you.
You die...

~~~~≈~# ≈≈~≈.# ~~≈~# #~≈~#
#~≈.# #~≈~# #####++#####~≈~#
........r○r~~~.#
........☼r@~~~.#
#####''#####~≈~# #... #~≈~#
#### #~≈~#
##################~≈~#######
~~.~.~~~~~~~†~~..~~≈~≈≈≈≈≈≈≈
≈≈≈≈≈≈≈≈≈≈≈≈≈≈≈≈≈≈≈≈.≈≈≈≈≈≈≈
~.~~~.~~~~~~.~†~~.~~~≈≈≈≈≈≈≈
############################


You could see 3 river rats.

Vanquished Creatures
  7 adders
  A river rat (Sewer)
  4 dart slugs
  6 bats
  6 endoplasms
  6 giant cockroaches
  6 hobgoblins
  4 jackals
  4 kobolds
  4 quokkas
  9 ball pythons
  6 frilled lizards
  7 goblins
  3 rats
  A spectral goblin (D:1)
74 creatures vanquished.

Notes
Turn   | Place    | Note
-------+----------+-------------------------------------------
     0 | D:1      | pokeman the Deep Elf Hedge Wizard began the quest for the
                  | Orb.
     0 | D:1      | Reached XP level 1. HP: 10/10 MP: 7/7
   292 | D:1      | Reached XP level 2. HP: 14/16 MP: 2/9
   710 | D:1      | Found a faded altar of an unknown god.
   752 | D:1      | Reached skill level 5 in Spellcasting
  1044 | D:1      | Reached XP level 3. HP: 20/20 MP: 9/11
  1048 | D:1      | Learned a level 3 spell: Mephitic Cloud
  1051 | D:1      | Learned a level 2 spell: Call Imp
  1054 | D:1      | Learned a level 2 spell: Blink
  1058 | D:1      | Learned a level 3 spell: Stone Arrow
  1126 | D:2      | Found a stormy altar of Qazlal.
  1558 | D:2      | Reached skill level 1 in Fighting
  1558 | D:2      | Reached skill level 1 in Armour
  1951 | D:2      | Reached XP level 4. HP: 21/25 MP: 8/13
  2345 | D:3      | Found Elicogyih's One-of-a-Kind Rings.
  2513 | D:3      | Found a glowing silver altar of Zin.
  2563 | D:3      | Found a sparkling altar of Nemelex Xobeh.
  2617 | D:3      | Found a glowing drain.
  2627 | Sewer    | Entered a sewer
  2846 | Sewer    | Reached skill level 6 in Spellcasting
  2846 | Sewer    | Reached XP level 5. HP: 29/29 MP: 9/15
  3086 | Sewer    | Slain by a river rat

Illustrated notes

Levels and vault maps discovered:
D:1:      dpeg_arrival_erosion, layout_rooms,
          dreamdust_ecumenical_altar_drowned_temple
D:2:      layout_basic, basic_altar
D:3:      layout_loops_ring, nemelex_spade_bored_becter, zin_treasury,
          cheibrodos_sewer_entry_bend, minmay_misc_feat_rows,
          nicolae_shop_unique_rings, uniq_crazy_yiuf_cottage
Sewer:    sewer_fruit_machine

Skill      XL: |  1  2  3  4 |
---------------+-------------+-----
Spellcasting   | 5 6 |  6.0
Fighting       | 1 |  1.0
Armour         | 1 |  1.0
Conjurations   | 2 |  2.6
Dodging        | 3 |  3.0
Stealth        | |  2.4
Shields        | |  0.9
Summonings     | |  1.1
Translocations | |  1.1

Action                     |  1- 3 |  4- 6 || total
---------------------------+-------+-------++-------
  Melee: Dagger            |     4 |     4 ||     8
         Flail             |       |     1 ||     1
   Cast: Magic Dart        |   107 |    85 ||   192
         Mephitic Cloud    |       |     1 ||     1
   Stab: Sleeping          |       |     1 ||     1
 Armour: Robe              |     9 |    22 ||    31
  Dodge: Dodged            |    18 |    23 ||    41

Table legend: (Time is in decaauts)
 A = Elapsed time spent in this place.
 B = Non-inter-level travel time spent in this place.
 C = Inter-level travel time spent in this place.
 D = Time resting spent in this place.
 E = Time spent auto-exploring this place.
 F = Levels seen in this place.
 G = Mean time per level.
                   A        B        C        D        E       F      G
               +--------+--------+--------+--------+--------+-----+--------+
         Total |   3140 |   3090 |     50 |      0 |   2595 |   4 |  785.0 |
       Dungeon |   2639 |   2589 |     50 |      0 |   2156 |   3 |  879.7 |
         Sewer |    501 |    501 |      0 |      0 |    439 |   1 |  501.0 |
               +--------+--------+--------+--------+--------+-----+--------+

Top non-repeatable levels by time:
     D:1: 1136 daAuts
     D:2: 1070 daAuts
   Sewer: 501 daAuts
     D:3: 432 daAuts
